 Dungeon Crawl Stone Soup version 0.21-a0-52-gbf49515 (webtiles) character file.

386 xgamer67 the Slasher (level 6, -6/42 HPs)
             Began as an Octopode Berserker on June 13, 2017.
             Was a Priest of Trog.
             Mangled by an orc
             ... wielding a +0 trident
              (10 damage)
             ... on level 3 of the Dungeon.
             The game lasted 00:06:10 (3463 turns).

xgamer67 the Slasher (Octopode Berserker)           Turns: 3463, Time: 00:06:10

Health: -6/42      AC:  1    Str: 17    XL:     6   Next: 78%
Magic:  6/6        EV: 14    Int:  9    God:    Trog [***...]
Gold:   180        SH:  0    Dex: 13    Spells: 5/5 levels left

rFire    . . .     SeeInvis .   a - +0 falchion
rCold    . . .     Gourm    .   (no shield)
rNeg     . . .     Faith    .   (helmet restricted)
rPois    .         Spirit   .   (no amulet)
rElec    .         Reflect  .   (no ring)
rCorr    .         Harm     .   (no ring)
MR       .....                  (no ring)
Stlth    ++........             (no ring)
Regen    0.2/turn               (no ring)
MPRegen  0.1/turn               (no ring)
                                (no ring)
                                (no ring)

@: berserk cooldown, slowed, very slow
A: almost no armour, stealthy swim, amphibious, 8 rings, constrict 8, camouflage
1, gelatinous body 1
a: Berserk, Trog's Hand, Burn Spellbooks, Renounce Religion


You were on level 3 of the Dungeon.
You worshipped Trog.
Trog was most pleased with you.
You were very hungry.

You visited 1 branch of the dungeon, and saw 3 of its levels.

You collected 180 gold pieces.

Inventory:

Hand Weapons
 a - a +0 falchion (weapon)
 b - a +0 hunting sling
 t - a +3 whip of electrocution
Missiles
 e - 109 stones (quivered)
 q - 7 sling bullets
Scrolls
 c - 2 scrolls of remove curse {unknown}
 d - 3 scrolls of blinking
 f - a scroll of random uselessness {unknown}
 i - 2 scrolls of teleportation {unknown}
 j - a scroll of fear {unknown}
 r - 2 scrolls of magic mapping {unknown}
 w - a scroll of immolation {unknown}
 x - a scroll of fog {unknown}
Potions
 g - a potion of might
 h - 3 potions of heal wounds
 k - a potion of ambrosia {unknown}
 l - a potion of agility {unknown}
 n - 2 potions of brilliance {unknown}
 o - a potion of flight {unknown}
 s - a potion of haste {unknown}
Comestibles
 m - 4 fruits
 p - a bread ration
 u - a meat ration


   Skills:
 - Level 3.0 Fighting
 + Level 7.0 Long Blades
 + Level 2.0 Slings
 - Level 3.0 Dodging


You had 5 spell levels left.
You didn't know any spells.

Dungeon Overview and Level Annotations

Branches:
Dungeon (3/15)

Altars:
Ru


Innate Abilities, Weirdness & Mutations

You cannot wear most types of armour.
You are very stealthy in the water. (Stealth+)
You are amphibious.
You can wear up to eight rings at the same time.
You can use your tentacles to constrict eight enemies at once.
Your skin changes colour to match your surroundings (Stealth+).
Your rubbery body absorbs attacks. (AC +1, EV +1)


Message History

You are exhausted.
You feel yourself slow down.
The orc hits you from afar with a trident!
You bump into the rock wall.
The orc barely misses you.
You hear some strange, mumbled words.
A puff of flame appears from out of thin air!
The puff of flame hits you!
You closely miss something. You squeeze something.
The orc hits you from afar with a trident!
* * * LOW HITPOINT WARNING * * *
Something hits you.
* * * LOW HITPOINT WARNING * * *
All of the chunks of flesh in your inventory have rotted away.
You miss something.
You feel less confused. The orc closely misses you.
You hear some strange, mumbled words.
Something tries to affect you, but you resist.
The orc hits you from afar with a trident!
You die...

#.# #.# #.#
##.###.......
#.###.###.# #.#
####.#.# #.........#
#.# #.###.
#.###.###.# #+# #.#
## #.# #.# #.# ...
#. #. #.# #.###.#
.... # +#### #.#
#.##..# ..... #...#
#.###.#...####......
#.).#
#..........†@{o.....
#....
#####.#...####o.....
###._ #.##.## .....
#...† #.#### ....
#...# #.# ... #...#
#.# +# +#### #.# #.#


You could see 2 orcs.

Vanquished Creatures
  Sigmund (D:2)
  2 orc priests (D:3)
  An orc wizard (D:3)
  An adder (D:3)
  3 oozes
  3 dart slugs
  2 leopard geckos (D:3)
  13 orcs (D:3)
  A ball python (D:1)
  10 bats
  7 giant cockroaches
  7 goblins
  9 hobgoblins
  4 jackals (D:1)
  10 kobolds
  2 quokkas (D:2)
  7 frilled lizards
  4 rats
87 creatures vanquished.

Notes
Turn   | Place    | Note
-------+----------+-------------------------------------------
     0 | D:1      | xgamer67 the Octopode Berserker began the quest for the Orb.
     0 | D:1      | Reached XP level 1. HP: 16/16 MP: 1/1
   559 | D:1      | Reached XP level 2. HP: 21/21 MP: 2/2
   582 | D:1      | Reached skill level 4 in Long Blades
   806 | D:1      | Reached XP level 3. HP: 13/26 MP: 3/3
  1128 | D:1      | Reached ** piety under Trog
  1602 | D:2      | Noticed Sigmund
  1617 | D:2      | Killed Sigmund
  1617 | D:2      | Reached skill level 6 in Long Blades
  1617 | D:2      | Reached XP level 4. HP: 23/31 MP: 4/4
  1617 | D:2      | Reached XP level 5. HP: 27/36 MP: 5/5
  1984 | D:2      | Reached XP level 6. HP: 42/42 MP: 6/6
  2904 | D:3      | Reached skill level 1 in Slings
  3327 | D:3      | Reached *** piety under Trog
  3349 | D:3      | Found a sacrificial altar of Ru.
  3455 | D:3      | Reached skill level 7 in Long Blades
  3463 | D:3      | Mangled by an orc

Vault maps used:
D:1:      evilmike_arrival_crescent
D:2:      st_stairs_7, uniq_sigmund
D:3:      nicolae_ru_great_annihilating_truth

Skill      XL: |  1  2  3  4  5  6 |
---------------+-------------------+-----
Long Blades    | 4 6 7 |  7.0
Slings         | 2 |  2.0
Fighting       | |  3.0
Dodging        | |  3.0

Action                   |  1- 3 |  4- 6 || total
-------------------------+-------+-------++-------
Melee: Falchion          |    69 |    97 ||   166
       Constrict         |    22 |    30 ||    52
       Tentacles         |    18 |    21 ||    39
Invok: Berserk           |     2 |     3 ||     5
       Trog's Hand       |     1 |       ||     1
  Use: Scroll            |     3 |       ||     3
 Stab: Sleeping          |     5 |     7 ||    12
       Paralysed         |       |     1 ||     1
  Eat: Chunk             |     3 |     9 ||    12
Armor: Skin              |     7 |     9 ||    16
Dodge: Dodged            |    53 |    67 ||   120
       Rpst.: Falchion   |    13 |    16 ||    29
